 Dungeon Crawl Stone Soup version 0.19-a0-1041-g82b1012 (webtiles) character file.

7444 hairmachine the Destroyer (level 11, -19/70 HPs)
             Began as a Human Fire Elementalist on Feb 24, 2016.
             Was a Follower of Ru.
             Demolished by a hill giant
             ... wielding a +0 giant club
              (36 damage)
             ... on level 10 of the Dungeon on July 30, 2016.
             The game lasted 01:26:52 (14944 turns).

hairmachine the Destroyer (HuFE)                   Turns: 14944, Time: 01:26:54

Health: -19/70     AC: 13    Str:  8    XL:     11   Next: 37%
Magic:  7/24       EV: 12    Int: 19    God:    Ru [*.....]
Gold:   479        SH:  0    Dex: 14    Spells: 7 memorised, 10 levels left

rFire  + . .     SeeInvis .     q - +0 dagger (protect)
rCold  . . .     Gourm    .     a - +2 robe
rNeg   . . .     Faith    .     (no shield)
rPois  .         Spirit   .     y - +2 helmet
rElec  .         Dismiss  .     d - +0 cloak
rCorr  .         Reflect  .     (no gloves)
SustAt .         Harm     .     (no boots)
MR     +....                    (no amulet)
Stlth  ++........               Q - ring of protection from magic
                                D - ring of protection from fire

@: horrified, somewhat resistant to hostile enchantments, unstealthy
A: cowardly
a: Renounce Religion


You were on level 10 of the Dungeon.
You worshipped Ru.
Ru was aware of your devotion.
You were hungry.

You visited 2 branches of the dungeon, and saw 11 of its levels.

You collected 479 gold pieces.

Inventory:

Hand Weapons
 q - a +0 dagger of protection (weapon)
Missiles
 v - 154 stones (quivered)
Armour
 a - a +2 robe (worn)
 d - a +0 cloak (worn)
 k - the +1 leather armour "Naam" {Regen+}
   (You found it on level 5 of the Dungeon)

   It increases your rate of regeneration.
 o - a cursed +0 leather armour
 y - a +2 helmet (worn)
 B - the +1 leather armour "Agokh" {Str+4, unknown}
   (You found it on level 7 of the Dungeon)

   It affects your strength (+4).
Jewellery
 D - a ring of protection from fire (left hand)
 P - an uncursed ring of stealth
 Q - a ring of protection from magic (right hand)
Wands
 z - a wand of lightning (0/15)
 G - a wand of iceblast (8/15)
 H - a wand of random effects (0/48)
 K - a wand of acid (0/15)
 N - a wand of slowing (19/48)
 O - a wand of flame (43/48)
 R - a wand of heal wounds (4/9)
Scrolls
 f - a scroll of identify
 j - 2 scrolls of recharging
 r - a scroll of amnesia
 u - 2 scrolls of enchant weapon
 w - 2 scrolls of teleportation
 x - 4 scrolls of enchant armour
 E - a scroll of remove curse
Potions
 e - 2 potions of brilliance {unknown}
 h - a potion of resistance {unknown}
 i - 3 potions of might
 p - a potion of ambrosia {unknown}
 s - 4 potions of flight
 t - 6 potions of curing
 A - 2 potions of invisibility {unknown}
 C - a potion of agility
Books
 b - a book of Flames

   Spells                             Type                      Level
   a - Flame Tongue                   Conjuration/Fire             1
   b - Throw Flame                    Conjuration/Fire             2
   c - Conjure Flame                  Conjuration/Fire             3
   d - Inner Flame                    Hexes/Fire                   3
   e - Sticky Flame                   Conjuration/Fire             4
   f - Fireball                       Conjuration/Fire             5
 l - a book of Battle

   Spells                             Type                      Level
   a - Infusion                       Charms                       1
   b - Shroud of Golubria             Charms/Translocation         2
   c - Song of Slaying                Charms                       2
   d - Spectral Weapon                Hexes/Charms                 3
   e - Regeneration                   Charms/Necromancy            3
 n - a book of Party Tricks

   Spells                             Type                      Level
   a - Summon Butterflies             Summoning                    1
   b - Apportation                    Translocation                1
   c - Tukima's Dance                 Hexes                        3
   d - Alistair's Intoxication        Transmutation/Poison         5
   e - Invisibility                   Hexes                        6
 L - the Almanac of Captivating Fire
   (You found it on level 8 of the Dungeon)

   Spells                             Type                      Level
   a - Slow                           Hexes                        2
   b - Dazzling Spray                 Conjuration/Hexes            3
   c - Ignite Poison                  Fire/Transmutation/Poison    3
   d - Sticky Flame                   Conjuration/Fire             4
   e - Yara's Violent Unravelling     Hexes/Transmutation          5
 M - a Grand Grimoire

   Spells                             Type                      Level
   a - Monstrous Menagerie            Summoning                    7
   b - Summon Greater Demon           Summoning                    7
   c - Malign Gateway                 Summoning/Translocation      7
   d - Summon Horrible Things         Summoning                    8
Comestibles
 c - 2 bread rations
 g - 2 fruits
 m - a meat ration
 F - 3 slices of pizza
 I - a beef jerky
 J - 6 royal jellies
 S - 6 chunks of flesh


   Skills:
 + Level 1.3 Fighting
 + Level 1.2 Armour
 - Level 2.0 Dodging
 - Level 2.0 Stealth
 - Level 9.7 Spellcasting
 + Level 11.7 Conjurations
 - Level 6.3 Fire Magic


You had 10 spell levels left.
You knew the following spells:

 Your Spells              Type           Power        Failure   Level  Hunger
a - Flame Tongue          Conj/Fire      ####.        1%          1    None
b - Throw Flame           Conj/Fire      ####..       1%          2    None
c - Conjure Flame         Conj/Fire      ####....     1%          3    None
d - Sticky Flame          Conj/Fire      ####....     1%          4    ###....
e - Summon Butterflies    Summ           #.......     10%         1    None
f - Fireball              Conj/Fire      ####......   6%          5    #####..
g - Dazzling Spray        Conj/Hex       ###...       1%          3    None


Dungeon Overview and Level Annotations

Branches:
Dungeon (10/15)            Temple (1/1) D:7            Lair (0/8) D:9
    Orc: D:9-12

Altars:
Ashenzari
Cheibriados
Dithmenos
Elyvilon
Fedhas
Gozag
Kikubaaqudgha
Makhleb
Nemelex Xobeh
Qazlal
Ru
Sif Muna
Trog
Vehumet
Xom
Yredelemnul
Zin
The Shining One

Shops:
D:4 (

Annotations:
D:10 HAL9000's ghost, journeyman VSEn


Innate Abilities, Weirdness & Mutations

Your cowardice makes you less effective in combat with threatening monsters.


Message History

The hill giant burns!
The hill giant hits you with a giant club!!
* * * LOW HITPOINT WARNING * * *
The hill giant burns!
The hill giant burns!
The hill giant burns!
The hill giant burns!
The hill giant stops burning.
Casting: Sticky Flame
Confirm with . or Enter, or press ? or * to list all spells.
Aiming: Sticky Flame
Press: ? - help, Shift-Dir - straight line, f/p - hill giant
Aim: a hill giant, wielding a giant club (severely wounded)
The sticky flame hits the hill giant.
The hill giant is severely wounded.
The hill giant is covered in liquid flames!
You are feeling hungry.
The hill giant burns!
The hill giant hits you with a giant club!!!
Ouch! That really hurt!
You die...

........###
#######...##
###..###
##...##########
###..........#
#..........#
##.........#
#..C......#
##...@.....#
########..........#
..............<...#
#########.........#
###########


You could see a hill giant (burning).

Vanquished Creatures
  A centaur warrior (D:9)
  Pikel (D:7)
  A cyclops (D:9)
  A queen bee (D:7)
  A troll (D:9)
  Prince Ribbit (D:5)
  A two-headed ogre (D:9)
  The ghost of graki42 the Slinger, an amateur HaHu (D:4)
  3 yaks (D:10)
  Sigmund (D:3)
  A hungry ghost (D:8)
  An ice beast (D:6)
  An orc warrior (D:7)
  2 slaves (D:6)
  3 sky beasts
  A black bear (D:7)
  6 ogres
  A phantom (D:9)
  4 centaurs
  6 giant frogs
  7 scorpions
  A jelly (D:8)
  19 killer bees
  3 wights (D:6)
  A crimson imp (D:8)
  6 hounds
  3 giant frog skeletons
  3 orc priests (D:5)
  4 orc wizards
  2 centaur skeletons
  3 iguanas
  6 worker ants
  A hound skeleton (D:8)
  A worker ant zombie (D:8)
  9 gnolls
  A howler monkey skeleton (D:4)
  9 adders
  3 shadow imps
  4 oozes
  An adder skeleton (D:9)
  5 worms
  2 dart slugs
  A giant gecko (D:3)
  28 orcs
  2 ball pythons
  5 giant cockroaches
  11 goblins
  7 hobgoblins
  22 jackals
  13 kobolds
  6 quokkas
  10 bats
  9 giant newts
  A quokka skeleton (D:8)
  7 rats
254 creatures vanquished.

Vanquished Creatures (others)
  A crimson imp (D:7)
  A fungus (D:9)
2 creatures vanquished.

Grand Total: 256 creatures vanquished

Notes
Turn   | Place    | Note
-------+----------+-------------------------------------------
     0 | D:1      | hairmachine the Human Fire Elementalist began the quest for the Orb.
     0 | D:1      | Reached XP level 1. HP: 13/13 MP: 3/3
   197 | D:1      | Reached XP level 2. HP: 19/19 MP: 3/5
   217 | D:1      | Reached skill level 2 in Conjurations
   239 | D:1      | Learned a level 2 spell: Throw Flame
   761 | D:1      | Reached XP level 3. HP: 24/24 MP: 2/6
  1024 | D:2      | Learned a level 3 spell: Conjure Flame
  1357 | D:2      | Reached skill level 3 in Conjurations
  1357 | D:2      | Reached XP level 4. HP: 28/30 MP: 0/7
  2856 | D:2      | Reached XP level 5. HP: 24/35 MP: 2/8
  3419 | D:3      | Noticed Sigmund
  4239 | D:3      | Reached skill level 4 in Conjurations
  4323 | D:3      | Found a shimmering altar of Xom.
  4550 | D:3      | Killed Sigmund
  4550 | D:3      | Reached skill level 5 in Fire Magic
  4550 | D:3      | Reached XP level 6. HP: 41/41 MP: 6/9
  4999 | D:3      | Upgraded the game from 0.18-a0-1405-g73f4075 to 0.18-a0-1468-gaf180a1
  5014 | D:4      | Reached skill level 5 in Conjurations
  5060 | D:4      | Found a basalt altar of Yredelemnul.
  5081 | D:3      | Reached XP level 7. HP: 33/46 MP: 0/10
  5200 | D:4      | Learned a level 4 spell: Sticky Flame
  5325 | D:4      | Found a bloodstained altar of Trog.
  5327 | D:4      | Found a sparkling altar of Nemelex Xobeh.
  5327 | D:4      | Found a stormy altar of Qazlal.
  5370 | D:4      | Noticed graki42's ghost (amateur HaHu)
  5547 | D:4      | Killed graki42's ghost
  5630 | D:4      | Reached skill level 6 in Conjurations
  5630 | D:4      | Reached XP level 8. HP: 39/52 MP: 3/11
  6249 | D:4      | Noticed a troll
  6565 | D:5      | Entered Level 5 of the Dungeon
  6593 | D:5      | Learned a level 1 spell: Summon Butterflies
  7004 | D:5      | Found a sacrificial altar of Ru.
  7374 | D:4      | Found Nuicrashra's Weapon Emporium.
  7732 | D:5      | Reached skill level 7 in Conjurations
  8142 | D:5      | Noticed Prince Ribbit
  8174 | D:5      | Killed Prince Ribbit
  8174 | D:5      | Reached XP level 9. HP: 44/57 MP: 6/16
  8235 | D:5      | Upgraded the game from 0.18-a0-1468-gaf180a1 to 0.19-a0-1019-g9c6a58d
  8243 | D:5      | Learned a level 5 spell: Fireball
  8271 | D:5      | Reached skill level 5 in Spellcasting
  8407 | D:5      | Got a fine leather armour
  8412 | D:5      | Identified the +1 leather armour "Naam" {Regen+} (You found it on level 5 of the Dungeon)
  8438 | D:5      | Reached skill level 8 in Conjurations
  9341 | D:6      | Reached skill level 9 in Conjurations
  9398 | D:6      | Found a snail-covered altar of Cheibriados.
  9981 | D:7      | Got a warped leather armour
 10084 | D:7      | Found a staircase to the Ecumenical Temple.
 10096 | Temple   | Entered the Ecumenical Temple
 10199 | Temple   | Became a worshipper of Ru the Awakened
 10371 | D:7      | Noticed Pikel
 10512 | D:7      | Killed Pikel
 10512 | D:7      | Reached XP level 10. HP: 46/63 MP: 11/20
 10964 | D:8      | Reached skill level 10 in Conjurations
 11916 | D:8      | Found a radiant altar of Vehumet.
 12601 | D:8      | Gained mutation: Your cowardice makes you less effective in combat with threatening monsters. [Ru sacrifice]
 12601 | D:8      | Reached * piety under Ru
 12867 | D:8      | Identified the Almanac of Captivating Fire
 13135 | D:9      | Found a staircase to the Lair.
 13334 | D:9      | Reached skill level 11 in Conjurations
 13334 | D:9      | Reached XP level 11. HP: 68/68 MP: 11/23
 13641 | D:9      | Noticed a cyclops
 13791 | D:9      | Killed a cyclops
 13958 | D:9      | Upgraded the game from 0.19-a0-1019-g9c6a58d to 0.19-a0-1041-g82b1012
 14298 | D:9      | Noticed a deep elf mage
 14381 | D:10     | Entered Level 10 of the Dungeon
 14394 | D:10     | Noticed HAL9000's ghost (journeyman VSEn)
 14397 | D:10     | Noticed a centaur warrior
 14559 | D:9      | Killed a centaur warrior
 14743 | D:10     | Learned a level 3 spell: Dazzling Spray
 14762 | D:10     | Reached skill level 1 in Fighting
 14762 | D:10     | Reached skill level 1 in Armour
 14930 | D:10     | Noticed a hill giant
 14944 | D:10     | Demolished by a hill giant

Vault maps used:
D:1:      dpeg_arrival_renting
D:2:      st_stairs_6
D:3:      first_bread, xom_teletrap_fun, uniq_sigmund
D:4:      grunt_temple_overflow_open, lemuel_crystal_altar,
          okawaru_altar_gauntlet_db, overflow_temple_1_default, serial_shops,
          shop_fountains, portal_sewer_entry_e
D:5:      minmay_opposing_rooms, nicolae_ru_sacrificial_ziggurat,
          uniq_prince_ribbit1
D:6:      lemuel_crystal_altar, lemuel_flame_loot_1
D:7:      uniq_pikel
D:8:      kennysheep_little_box, david_nohive_1
D:9:      dpeg_oklobed_lair, jmf_multi_god_temple2
D:10:     david_orc_4
Temple:   circular_temple_12

Skill      XL: |  1  2  3  4  5  6  7  8  9 10 11 |
---------------+----------------------------------+-----
Conjurations   | 2 3 4 5 6 7 9 11 | 11.7
Fire Magic     | 5 6 |  6.3
Spellcasting   | 4 7 8 9 |  9.7
Fighting       | 1 |  1.3
Armour         | 1 |  1.2
Dodging        | |  2.0
Stealth        | |  2.0

Action                   |  1- 3 |  4- 6 |  7- 9 | 10-12 || total
-------------------------+-------+-------+-------+-------++-------
Melee: Unarmed           |     9 |       |       |       ||     9
       Dagger            |       |    56 |    11 |       ||    67
       Dagger            |       |       |   195 |    15 ||   210
 Cast: Flame Tongue      |    40 |   110 |   130 |       ||   280
       Throw Flame       |    12 |    29 |    26 |       ||    67
       Conjure Flame     |       |     6 |     5 |       ||    11
       Sticky Flame      |       |       |     7 |       ||     7
       Flame Tongue      |       |       |    42 |   102 ||   144
       Throw Flame       |       |       |    32 |    64 ||    96
       Sticky Flame      |       |       |    15 |    40 ||    55
       Conjure Flame     |       |       |     4 |    11 ||    15
       Fireball          |       |       |     1 |     9 ||    10
       Summon Butterflie |       |       |     1 |     1 ||     2
       Dazzling Spray    |       |       |       |     2 ||     2
Invok: Sacrifice Courage |       |       |       |     1 ||     1
Evoke: Club              |       |     2 |     2 |       ||     4
       Wand              |       |       |       |    13 ||    13
  Use: Scroll            |     5 |     4 |     4 |       ||    13
       Scroll            |       |       |     2 |     1 ||     3
       Potion            |       |       |       |     3 ||     3
 Stab: Paralysed         |       |       |       |     2 ||     2
  Eat: Chunk             |     3 |    14 |    13 |       ||    30
       Pizza             |       |     1 |       |       ||     1
       Chunk             |       |       |     9 |    16 ||    25
       Royal jelly       |       |       |     1 |     1 ||     2
       Fruit             |       |       |       |     1 ||     1
Armor: Robe              |       |       |    87 |    33 ||   120
Dodge: Dodged            |       |       |   112 |    66 ||   178
